 Dungeon Crawl Stone Soup version 0.22.1-1-ga44c0e56f4 (webtiles) character file.

404 3rdEnemy the Shield-Bearer (level 6, -6/40 HPs)
             Began as a Gargoyle Fighter on Sept 30, 2018.
             Mangled by an ogre
             ... wielding a +0 giant club
              (18 damage)
             ... on level 3 of the Dungeon.
             The game lasted 00:08:49 (2460 turns).

3rdEnemy the Shield-Bearer (Gargoyle Fighter)       Turns: 2460, Time: 00:08:50

Health: -6/40      AC: 13    Str: 21    XL:     6   Next: 86%
Magic:  6/6        EV:  7    Int:  8    God:
Gold:   81         SH: 10    Dex: 10    Spells: 5/5 levels left

rFire    . . .     SeeInvis .   a - +1 flail
rCold    . . .     Gourm    .   c - +0 shield
rNeg     + . .     Faith    .   b - +0 scale mail
rPois    ∞         Spirit   .   (no helmet)
rElec    +         Reflect  .   (no cloak)
rCorr    +         Harm     .   m - +1 pair of gloves
MR       +....                  (no boots)
Stlth    ..........             (no amulet)
HPRegen  0.13/turn              j - ring of resist corrosion
MPRegen  0.10/turn              k - ring of protection from magic

@: no status effects
A: negative energy resistance 1, electricity resistance, unbreathing,
petrification resistance, rot immunity, AC +4
a: no special abilities


You were on level 3 of the Dungeon.
You were not hungry.

You visited 1 branch of the dungeon, and saw 3 of its levels.

You collected 81 gold pieces.

Inventory:

Hand Weapons
 a - a +1 flail (weapon)
Armour
 b - a +0 scale mail (worn)
 c - a +0 shield (worn)
 m - a +1 pair of gloves (worn)
Jewellery
 j - a ring of resist corrosion (left hand)
 k - a ring of protection from magic (right hand)
 n - an uncursed ring of fire
 p - an uncursed ring of magical power
Scrolls
 d - a scroll of fog
 i - a scroll of remove curse
 o - 4 scrolls of identify {unknown}
Potions
 q - a potion of curing
Comestibles
 f - 4 rations


   Skills:
 + Level 5.0 Fighting
 + Level 3.8 Maces & Flails
 + Level 4.9 Armour
 - Level 5.0 Shields


You had 5 spell levels left.
You didn't know any spells.
Your spell library was empty.

Dungeon Overview and Level Annotations

Branches:
Dungeon (3/15)

Altars:
Ashenzari


Innate Abilities, Weirdness & Mutations

You are resistant to torment.
Your stone body is resilient. (AC +4)
You are immune to poison.
You resist negative energy. (rN+)
You are resistant to electric shocks. (rElec)
You can survive without breathing.
You are immune to petrification.
You are immune to rotting.


Message History

There is a stone staircase leading up here.
You hit the ogre.
The ogre is moderately wounded.
The ogre hits you with a giant club.
You thump the ogre!
The ogre is heavily wounded.
The ogre hits you with a giant club!!
Ouch! That really hurt!
You barely miss the ogre.
The ogre is heavily wounded.
You block the ogre's attack.
You hit the ogre but do no damage.
The ogre is heavily wounded.
The ogre hits you with a giant club.
* * * LOW HITPOINT WARNING * * *
Okay, then.
You hit the ogre.
The ogre is heavily wounded.
The ogre hits you with a giant club!!
You die...

#....≈≈###'# #######....#
#...P≈≈#...#############''''#
#....≈≈#...#.................
#....≈≈#####≈≈≈≈≈≈≈≈≈≈≈≈....≈
#....≈≈≈≈≈≈≈≈≈≈≈≈≈≈≈≈≈≈≈....≈
#P...≈≈≈≈≈≈≈≈≈)≈≈≈)≈≈≈≈≈....≈
#.............))...))...)....
######################.......
#@O.......#.......
#.[.......#)......
#.................
#>........#.....(8
#.................
#.....>...####....
###.####### ###.. #.# #..
#..###########..


You could see an ogre.

Vanquished Creatures
  A crimson imp (D:3)
  3 adders
  24 gnolls
  An ooze (D:2)
  5 worms
  A dart slug (D:1)
  A leopard gecko (D:2)
  4 orcs (D:3)
  3 ball pythons
  7 bats
  A giant cockroach (D:3)
  9 goblins
  7 hobgoblins
  14 jackals (D:3)
  7 kobolds
  3 quokkas
  2 frilled lizards
  3 rats
96 creatures vanquished.

Notes
Turn   | Place    | Note
-------+----------+-------------------------------------------
     0 | D:1      | 3rdEnemy the Gargoyle Fighter began the quest for the Orb.
     0 | D:1      | Reached XP level 1. HP: 14/14 MP: 1/1
   226 | D:1      | Reached XP level 2. HP: 19/19 MP: 2/2
   852 | D:2      | Reached XP level 3. HP: 23/23 MP: 3/3
   902 | D:2      | Found a shattered altar of Ashenzari.
  1114 | D:2      | Reached XP level 4. HP: 25/29 MP: 4/4
  1498 | D:3      | Reached XP level 5. HP: 20/33 MP: 5/5
  1499 | D:3      | Found a faded altar of an unknown god.
  1855 | D:3      | Noticed an ogre
  1903 | D:3      | Reached XP level 6. HP: 29/39 MP: 6/6
  2451 | D:2      | Reached skill level 5 in Shields
  2453 | D:2      | Reached skill level 5 in Fighting
  2460 | D:3      | Mangled by an ogre

Skill      XL: |  1  2  3  4  5  6 |
---------------+-------------------+-----
Shields        | 4 5 |  5.0
Fighting       | 4 5 |  5.0
Armour         | 4 |  4.9
Maces & Flails | 3 |  3.8

Action                   |  1- 3 |  4- 6 || total
-------------------------+-------+-------++-------
Melee: Flail             |   130 |   249 ||   379
  Use: Scroll            |     2 |     4 ||     6
       Potion            |     2 |     1 ||     3
  Eat: Chunk             |     1 |     3 ||     4
       Ration            |       |     1 ||     1
Armor: Scale mail        |    70 |   206 ||   276
Dodge: Dodged            |    36 |   124 ||   160
Block: Shield            |    75 |   190 ||   265
